 Dungeon Crawl Stone Soup version 0.29-a0-620-g13ace881f2 (webtiles) character file.

Game seed: 13626175055352655427

588 CollectiveS the Cudgeller (level 7, -1/52 HPs)
             Began as a Demonspawn Fighter on June 19, 2022.
             Slain by Edmund
             ... wielding a +2 dire flail of holy wrath
              (6 damage)
             ... on level 5 of the Dungeon.
             The game lasted 00:12:23 (4517 turns).

CollectiveS the Cudgeller (Demonspawn Fighter)      Turns: 4517, Time: 00:12:23

Health: -1/52      AC:  8    Str: 18    XL:     7   Next: 15%
Magic:  7/7        EV: 10    Int:  9    God:
Gold:   161        SH:  5    Dex: 19    Spells: 5/6 levels left

rFire   . . .      SeeInvis .   a - +0 flail
rCold   + . .      Faith    .   c - +0 buckler
rNeg    . . .      Spirit   .   v - +3 leather armour
rPois   .          Reflect  .   (no helmet)
rElec   .          Harm     .   n - +0 cloak
rCorr   .          Rampage  .   w - +0 pair of gloves
Will    .....                   (no boots)
Stlth   +.........              (no amulet)
HPRegen 0.17/turn               g - +6 ring of dexterity
MPRegen 0.10/turn               z - ring of protection from cold

@: no status effects
A: hooves 1, spiny 1, demonic magic 1
a: no special abilities


You were on level 5 of the Dungeon.
You visited 1 branch of the dungeon, and saw 5 of its levels.

You collected 161 gold pieces.

Inventory:

Hand Weapons
 a - a +0 flail (weapon)
 x - a +0 morningstar
Armour
 b - a +0 scale mail
 c - a +0 buckler (worn)
 n - a +0 cloak (worn)
 v - a +3 leather armour (worn)
 w - a +0 pair of gloves (worn)
Jewellery
 g - a +6 ring of dexterity (left hand)
 z - a ring of protection from cold (right hand)
Scrolls
 i - a scroll of poison {unknown}
 j - 2 scrolls of identify {unknown}
 k - 2 scrolls of teleportation {unknown}
 o - a scroll of amnesia {unknown}
 q - a scroll of immolation {unknown}
 r - 2 scrolls of magic mapping {unknown}
 t - 2 scrolls of fear {unknown}
 u - 2 scrolls of blinking {unknown}
 y - a scroll of brand weapon {unknown}
 B - a scroll of torment {unknown}
Potions
 d - 2 potions of might
 e - 3 potions of flight {unknown}
 f - 2 potions of mutation {unknown}
 h - a potion of resistance {unknown}
 l - 6 potions of curing {unknown}
 m - 5 potions of heal wounds {unknown}
 p - 4 potions of invisibility {unknown}
 s - 2 potions of berserk rage {unknown}
 A - a potion of cancellation {unknown}
 C - a potion of degeneration {unknown}
 D - a potion of attraction {unknown}


   Skills:
 - Level 3.0 Fighting
 * Level 6.9 Maces & Flails
 - Level 2.7 Armour
 - Level 2.8 Shields
 * Level 1.4 Translocations


You had 5 spell levels left.
You knew the following spells:

 Your Spells              Type           Power      Damage    Failure   Level
a - Apportation           Tloc           4%         N/A       36%         1

Your spell library contained the following spells:

 Spells                   Type           Power      Damage    Failure   Level
 Necrotize                Necr           0%         1d4       54%         1
 Summon Small Mammal      Summ           0%         N/A       54%         1
 Summon Guardian Golem    Hex/Summ       0%         N/A       88%         3
 Petrify                  Tmut/Erth      0%         N/A       99%         4
 Metabolic Englaciation   Hex/Ice        0%         N/A       100%        5
 Statue Form              Tmut/Erth      0%         N/A       100%        6
 Orb of Destruction       Conj           0%         9d5       100%        7
 Spellforged Servitor     Conj/Summ      0%         N/A       100%        7


Dungeon Overview and Level Annotations

Branches:
Dungeon (5/15)             Temple (0/1) D:5

Altars:
Uskayaw

Shops:
D:4 =

Annotations:
D:4 1 runed translucent door, Tonnatak's ghost, amateur DsWn
D:5 Edmund


Innate Abilities, Weirdness & Mutations

You have large cloven feet.
You are partially covered in sharp spines.
Spells you cast may paralyse adjacent enemies.


Message History

Edmund misses you.
You hit Edmund but do no damage. You kick Edmund.
Edmund is lightly wounded.
Edmund hits you but does no damage.
You barely miss Edmund. You kick Edmund, but do no damage.
Edmund is lightly wounded.
Edmund closely misses you.
You barely miss Edmund. You kick Edmund, but do no damage.
Edmund is lightly wounded.
Edmund hits you but does no damage.
Edmund hits you with a +2 dire flail of holy wrath!
You convulse.
You hit Edmund.
Edmund is lightly wounded.
Edmund hits you but does no damage.
You sock Edmund! Your kick misses Edmund.
Edmund is heavily wounded.
Edmund hits you with a +2 dire flail of holy wrath.
You convulse.
You thump Edmund! You kick Edmund, but do no damage.
Edmund is severely wounded.
Edmund is struck by your spines.
Edmund hits you with a +2 dire flail of holy wrath!
You convulse!
* * * LOW HITPOINT WARNING * * *
You hit Edmund. Your kick misses Edmund.
Edmund is almost dead.
You block Edmund's attack.
Unknown command.
You hit Edmund.
Edmund is almost dead.
Edmund hits you with a +2 dire flail of holy wrath!
* * * LOW HITPOINT WARNING * * *
You convulse.
* * * LOW HITPOINT WARNING * * *
Unknown command.
There is a staircase to the Ecumenical Temple here.
Edmund attacks as you move away!
Edmund hits you with a +2 dire flail of holy wrath.
You die...

##.##......# #.##......#
#.##..#...##
#..#.......########
#######.#.#.#... .......
..<.......#.### .......
#######..##...###.......
.........#........#
........##..@@.##...?...
......#........#........
........###...##........
......... ###.# ........
.......##.^.#.# .......
####### #...... .......
##...#.. .......
#.....##


You could see Edmund.

Vanquished Creatures
  An ogre (D:4)
  A scorpion (D:4)
  3 orc priests
  3 orc wizards (D:3)
  An iguana (D:5)
  15 adders
  An ufetubus (D:5)
  4 dart slugs
  14 orcs (D:3)
  2 bats (D:2)
  7 endoplasms
  6 giant cockroaches
  6 goblins
  6 hobgoblins
  3 quokkas
  14 ball pythons
  3 frilled lizards
  6 kobolds
  2 rats
98 creatures vanquished.

Notes
Turn   | Place    | Note
-------+----------+-------------------------------------------
     0 | D:1      | CollectiveS the Demonspawn Fighter began the quest for the
                  | Orb.
     0 | D:1      | Reached XP level 1. HP: 18/18 MP: 1/1
   122 | D:1      | Reached skill level 2 in Maces & Flails
   284 | D:1      | Found a faded altar of an unknown god.
   312 | D:1      | Discovered your monstrous ancestry.
   312 | D:1      | Gained mutation: You have large cloven feet. [demonic
                  | ancestry]
   312 | D:1      | Reached XP level 2. HP: 24/24 MP: 2/2
  1203 | D:2      | Reached skill level 3 in Maces & Flails
  1203 | D:2      | Reached XP level 3. HP: 28/29 MP: 3/3
  1684 | D:2      | Gained mutation: You are partially covered in sharp spines.
                  | [demonic ancestry]
  1684 | D:2      | Reached XP level 4. HP: 34/35 MP: 4/4
  1725 | D:2      | Reached skill level 4 in Maces & Flails
  2275 | D:3      | Reached XP level 5. HP: 31/41 MP: 5/5
  2519 | D:3      | Learned a level 1 spell: Apportation
  2621 | D:3      | Reached skill level 5 in Maces & Flails
  2809 | D:3      | Gained mutation: Spells you cast may paralyse adjacent
                  | enemies. [demonic ancestry]
  2809 | D:3      | Reached XP level 6. HP: 13/47 MP: 6/6
  3303 | D:4      | Reached skill level 6 in Maces & Flails
  3303 | D:4      | Reached skill level 1 in Translocations
  3866 | D:4      | Found a runed translucent door.
  3873 | D:4      | Noticed Tonnatak's ghost (amateur DsWn)
  3990 | D:4      | Found Fueczal's Jewellery Shop.
  4224 | D:5      | Entered Level 5 of the Dungeon
  4290 | D:5      | Found a hide-covered altar of Uskayaw.
  4320 | D:5      | Reached XP level 7. HP: 50/52 MP: 7/7
  4485 | D:5      | Found a staircase to the Ecumenical Temple.
  4498 | D:5      | Noticed Edmund
  4517 | D:5      | Slain by Edmund

Illustrated notes

Levels and vault maps discovered:
D:1:      saegor_arrival_fortress, layout_basic, ebering_ecumenical_altar_box
D:2:      layout_basic, minmay_snake_closets
D:3:      layout_loops_ring
D:4:      layout_basic, serial_shops, shop, ebering_ghost_reflecting_pool
D:5:      layout_basic, mainiacjoe_overflow_catwalk,
          minmay_temple_entry_slanted, minmay_manual_mail, uniq_edmund

Skill      XL: |  1  2  3  4  5  6 |
---------------+-------------------+-----
Maces & Flails | 2 3 4 5 6 |  6.9
Translocations | 1 |  1.4
Fighting       | |  3.0
Armour         | |  2.7
Shields        | |  2.8

Action                   |  1- 3 |  4- 6 |  7- 9 || total
-------------------------+-------+-------+-------++-------
Melee: Flail             |    87 |   134 |    19 ||   240
       Kick              |    18 |    38 |    11 ||    67
 Stab: Sleeping          |       |     2 |       ||     2
       Distracted        |       |     1 |       ||     1
Armor: Scale mail        |    27 |    22 |       ||    49
       Leather armour    |       |    16 |     4 ||    20
Dodge: Dodged            |    40 |    37 |     5 ||    82
Block: Buckler           |    18 |    33 |     4 ||    55

Table legend: (Time is in decaauts)
 A = Elapsed time spent in this place.
 B = Non-inter-level travel time spent in this place.
 C = Inter-level travel time spent in this place.
 D = Time resting spent in this place.
 E = Time spent auto-exploring this place.
 F = Levels seen in this place.
 G = Mean time per level.
                   A        B        C        D        E       F      G
               +--------+--------+--------+--------+--------+-----+--------+
         Total |   4567 |   4445 |    122 |    243 |   3386 |   5 |  913.4 |
       Dungeon |   4567 |   4445 |    122 |    243 |   3386 |   5 |  913.4 |
               +--------+--------+--------+--------+--------+-----+--------+

Top non-repeatable levels by time:
     D:3: 1213 daAuts
     D:1: 1063 daAuts
     D:2: 1011 daAuts
     D:4: 983 daAuts
     D:5: 295 daAuts
